 Dungeon Crawl Stone Soup version 0.31-a0-152-g6aa68a64a1 (webtiles) character file.

Game seed: 15674494167557909067

254 qw the Shooter (level 6, -9/38 HPs)
             Began as a Gargoyle Hunter on June 10, 2023.
             Mangled by an ogre
             ... wielding a +0 giant spiked club
              (24 damage)
             ... on level 4 of the Dungeon.
             The game lasted 00:01:02 (2422 turns).

qw the Shooter (Gargoyle Hunter)                    Turns: 2422, Time: 00:01:03

Health: -9/38      AC: 10    Str: 15    XL:     6   Next: 14%
Magic:  6/6        EV: 11    Int:  9    God:
Gold:   116        SH:  0    Dex: 15    Spells: 5/5 levels left

rFire   . . .        Y - +0 orcbow
rCold   . . .        (shield currently unavailable)
rNeg    + . .        d - +0 ring mail
rPois   inf          (no helmet)
rElec   +            b - +0 cloak
rCorr   .            (no gloves)
SInv    +            (no boots)
Will    .....        (no amulet)
Stlth   +            h - ring of see invisible
HPRegen 0.26/turn    (no ring)
MPRegen 0.10/turn

%: no passive effects
@: no status effects
A: sickness immunity, AC +4, negative energy resistance 1, electricity
resistance, torment resistance 1, petrification resistance
a: no special abilities


You were on level 4 of the Dungeon.
You visited 1 branch of the dungeon, and saw 4 of its levels.

You collected 116 gold pieces.


Innate Abilities, Weirdness & Mutations

You are immune to sickness and miasma.
Your stone body is resilient. (AC +4)
You are immune to poison.
You resist negative energy. (rN+)
You are resistant to electric shocks. (rElec)
You are resistant to unholy torment.
You are immune to petrification.


   Skills:
 - Level 4.0 Fighting
 + Level 6.1 Ranged Weapons
 - Level 1.7 Armour
 - Level 1.5 Dodging
 - Level 1.1 Stealth


You had 5 spell levels left.
You didn't know any spells.
Your spell library was empty.

Inventory:

Hand Weapons
 Y - a +0 orcbow (weapon)
Armour
 b - a +0 cloak (worn)
 d - a +0 ring mail (worn)
Jewellery
 h - a ring of see invisible (left hand)
Wands
 l - a wand of digging (6)
Scrolls
 a - a scroll of identify
 c - a scroll of enchant armour {unknown}
Potions
 e - 2 potions of attraction
 f - a potion of haste
 j - a potion of resistance
 k - a potion of brilliance {unknown}

Dungeon Overview and Level Annotations

Branches:
Dungeon (4/15)
 Temple: D:4-7

Altars:
Fedhas
Wu Jian

Annotations:
D:1 1 runed translucent door
D:3 2 transporters


Message History

Found 5 large rocks.
Enter note: You see here 5 large rocks.
You now have 106 gold pieces (gained 13).
An endoplasm comes into view.
Enter note: You shoot an arrow.
The arrow hits the endoplasm!
You kill the endoplasm!
You hear the brisk rusting of a very distant drain.
You now have 116 gold pieces (gained 10).
Found 3 stones.
Enter note:
Found a book of Weapons.
Enter note: An orc comes into view. It is wielding a +0 dagger.
The orc shouts!
Enter note: You shoot an arrow.
The arrow hits the orc!
You kill the orc!
You see here 3 stones.
You hear the quick rusting of a very distant drain.
You see here a book of Weapons.
You see here 3 stones.
You hear the rapid rusting of a very distant drain.
An ogre comes into view. It is wielding a +0 giant spiked club.
The ogre shouts!
Enter note: You shoot an arrow.
The arrow hits the ogre!
The ogre is moderately wounded.
You shoot an arrow. The arrow hits the ogre!
The ogre is severely wounded.
The ogre closely misses you.
You shoot an arrow. The arrow hits the ogre.
The ogre is almost dead.
The ogre hits you with a +0 giant spiked club!!
Ouch! That really hurt!
You shoot an arrow. The arrow barely misses the ogre.
The ogre hits you with a +0 giant spiked club!!
Ouch! That really hurt!
You die...

# #.# #............# # #.#
##(############
####.#####.....# ######
............##.# #....#
####....##.###.# #.##..
####.##.# #.# . ##.####
#.##)# #.######^....#...###
#.##.# #.#.O...............
#.##.# #.#@# .....#...##.
#.##.###.#.## #...###.###.
#.##........# #### #.# #.
#.######.#..# #.# #. #.#
#.#.[# #.# #. #.# #.#..# #.#
#. ###.# #....# #.###.
#...######..############.#...
#.##.............%.......#.#.


You could see an ogre.

Vanquished Creatures
  A scorpion (D:3)
  A hound (D:2)
  An iguana (D:4)
  3 adders
  4 gnolls (D:4)
  A worm (D:2)
  A dart slug (D:2)
  3 orcs
  6 bats
  2 endoplasms
  3 giant cockroaches
  6 goblins
  6 hobgoblins
  2 jackals
  4 quokkas
  8 ball pythons
  6 frilled lizards
  7 kobolds
  4 rats
69 creatures vanquished.

Notes
Turn   | Place    | Note
-------+----------+-------------------------------------------
     0 | D:1      | qw the Gargoyle Hunter began the quest for the Orb.
     0 | D:1      | Reached XP level 1. HP: 12/12 MP: 1/1
     0 | D:1      | 0 ||| qw: Version: 0.2-a-29-g767f381
     0 | D:1      | 0 ||| qw: Game counter: 3900
     0 | D:1      | 0 ||| qw: Always use a shield: true
     0 | D:1      | 0 ||| qw: God list: Okawaru
     0 | D:1      | 0 ||| qw: Allow faded altars: false
     0 | D:1      | 0 ||| qw: Do Orc after D:15 true
     0 | D:1      | 0 ||| qw: Do second Lair branch before Depths: true
     0 | D:1      | 0 ||| qw: Lair rune preference: random
     0 | D:1      | 0 ||| qw: Plans: Normal, Zot:1-4, Slime:5, God:TSO, Crypt,
                  | Tomb, Abyss, Pan, Hells, Win
     0 | D:1      | 0 ||| PLANNING D:1-11
     2 | D:1      | Found a runed translucent door.
   116 | D:1      | Reached XP level 2. HP: 17/17 MP: 2/2
   606 | D:1      | Reached XP level 3. HP: 21/21 MP: 3/3
   657 | D:1      | 657 ||| READING 2 scrolls labelled OJES GIYFO.
   658 | D:1      | 658 ||| READING 2 scrolls labelled LERIHUTAXKY.
   659 | D:1      | 659 ||| READING 2 scrolls labelled ETOGRI JEPH.
   660 | D:1      | 660 ||| READING scroll of brand weapon.
   660 | D:1      | 660 ||| BRANDING +0 shortbow of electrocution.
   661 | D:1      | 661 ||| READING scroll labelled GUIF WOBLUEMI.
   662 | D:1      | 662 ||| READING scroll labelled ECILUH HU PELY.
   763 | D:1      | 763 ||| DROPPING scroll of butterflies.
   764 | D:1      | 764 ||| DROPPING scroll of immolation.
   785 | D:2      | Reached skill level 5 in Ranged Weapons
  1002 | D:2      | Reached skill level 3 in Fighting
  1071 | D:2      | Found a faded altar of an unknown god.
  1086 | D:2      | Reached XP level 4. HP: 23/28 MP: 4/4
  1363 | D:2      | 1363 ||| UPGRADING to +0 ring mail.
  1373 | D:2      | 1373 ||| DROPPING +0 leather armour.
  1374 | D:2      | 1374 ||| READING scroll labelled UFINUO QURPHUKA.
  1375 | D:2      | 1375 ||| READING scroll labelled ZOTEDDADOD.
  1376 | D:2      | 1376 ||| READING scroll labelled VOIXTEAHEWN.
  1377 | D:2      | 1377 ||| READING scroll labelled WEUSIWKANU.
  1378 | D:2      | 1378 ||| DRINKING 2 black potions.
  1379 | D:2      | 1379 ||| READING 2 scrolls of identify.
  1379 | D:2      | 1379 ||| IDENTIFYING yellow potion
  1407 | D:3      | 1407 ||| STAIRDANCE
  1415 | D:2      | Reached skill level 1 in Armour
  1455 | D:3      | 1455 ||| STAIRDANCE
  1501 | D:3      | Noticed an ice beast
  1523 | D:3      | Found a blossoming altar of Fedhas.
  1523 | D:3      | Noticed a black bear
  1529 | D:3      | Noticed a steam dragon
  1532 | D:3      | Found an ornate altar of the Wu Jian Council.
  1539 | D:3      | Found a transporter.
  1547 | D:3      | Found a transporter.
  1582 | D:3      | 1582 ||| SWAPPING to +0 orcbow.
  1583 | D:3      | 1583 ||| DROPPING +0 heavy shortbow.
  1709 | D:3      | Reached XP level 5. HP: 32/32 MP: 5/5
  1900 | D:3      | 1900 ||| UPGRADING to +0 cloak.
  1905 | D:3      | 1905 ||| UPGRADING to ring of see invisible.
  1906 | D:3      | 1906 ||| READING scroll labelled XUPUVU TIEDWI.
  1907 | D:3      | 1907 ||| READING scroll labelled TIMPOQ RAWIAQ.
  1929 | D:3      | 1929 ||| READING 2 scrolls of identify.
  1929 | D:3      | 1929 ||| IDENTIFYING purple potion
  1956 | D:4      | 1956 ||| PLANNING SEWER
  1958 | D:4      | 1958 ||| STAIRDANCE
  1972 | D:3      | Reached skill level 6 in Ranged Weapons
  2122 | D:4      | Reached XP level 6. HP: 33/38 MP: 6/6
  2422 | D:4      | Mangled by an ogre

Levels and vault maps discovered:
D:1:      dpeg_arrival_caged_fury, layout_basic, st_stairs_14
D:2:      layout_basic, hellmonk_ecumenical_altar_zigzags,
          nicolae_elevator_lobby_asterisk
D:3:      layout_rooms, gammafunk_temple_overflow_arena,
          chequers_serial_rivers_micro_d
D:4:      layout_loops_ring, portal_sewer_entry_b

Skill      XL: |  1  2  3  4  5  6 |
---------------+-------------------+-----
Ranged Weapons | 5 6 |  6.1
Fighting       | 3 4 |  4.0
Armour         | 1 |  1.7
Dodging        | |  1.5
Stealth        | |  1.1

Action                     |  1- 3 |  4- 6 || total
---------------------------+-------+-------++-------
   Fire: Shortbow          |   116 |    57 ||   173
         Orcbow            |       |    55 ||    55
    Use: Scroll            |     6 |     8 ||    14
         Potion            |       |     1 ||     1
 Armour: Leather armour    |    19 |     4 ||    23
         Ring mail         |       |    34 ||    34
  Dodge: Dodged            |    25 |    64 ||    89

Table legend:
 A = Non-vault XP
 B = Vault XP
 C = Vault XP percentage of total XP
 D = Non-vault monster count
 E = Vault monster count
 F = Vault count percentage of total count
                 A         B        C        D         E       F
            +---------+---------+-------+---------+---------+-------
      Total |     361 |       2 |   0.6 |      68 |       1 |   1.4
            +---------+---------+-------+---------+---------+-------
        D:1 |      33 |       2 |   5.7 |      20 |       1 |   4.8
        D:2 |     105 |       0 |   0.0 |      28 |       0 |   0.0
        D:3 |     123 |       0 |   0.0 |      11 |       0 |   0.0
        D:4 |     100 |       0 |   0.0 |       9 |       0 |   0.0
            +---------+---------+-------+---------+---------+-------
